 Dungeon Crawl Stone Soup version 0.30-a0-223-gcb0039aa0c (webtiles) character file.

Game seed: 5832674224936523775

32 pokeman the Magician (level 3, -1/20 HPs)
             Began as a Deep Elf Hedge Wizard on Oct 9, 2022.
             Slain by a gnoll
             ... wielding a +3 spear
              (8 damage)
             ... on level 1 of the Dungeon.
             The game lasted 00:01:36 (1001 turns).

pokeman the Magician (Deep Elf Hedge Wizard)        Turns: 1001, Time: 00:01:37

Health: -1/20      AC:  3    Str:  7    XL:     3   Next: 8%
Magic:  4/11       EV: 11    Int: 20    God:
Gold:   12         SH:  0    Dex: 14    Spells: 4/12 levels left

rFire   . . .      SeeInvis .    f - +2 dagger (vamp)
rCold   . . .      Faith    .    (no shield)
rNeg    . . .      Spirit   .    e - +0 leather armour
rPois   .          Reflect  .    c - +0 hat
rElec   .          Harm     .    (no cloak)
rCorr   .          Rampage  .    (no gloves)
Will    .....                    (no boots)
Stlth   ++........               (no amulet)
HPRegen 0.23/turn                (no ring)
MPRegen 0.12/turn                (no ring)

@: very slightly contaminated
A: no striking features
a: no special abilities


You were on level 1 of the Dungeon.
You visited 1 branch of the dungeon, and saw 1 of its levels.

You collected 12 gold pieces.

Inventory:

Hand Weapons
 f - a +2 vampiric dagger (weapon)
Armour
 c - a +0 hat (worn)
 e - a +0 leather armour (worn)
Scrolls
 a - a scroll of immolation {unknown}
 b - a scroll of enchant armour {unknown}
Potions
 d - a potion of magic
 g - a potion of heal wounds {unknown}


   Skills:
 + Level 0.7 Fighting
 + Level 0.8 Armour
 - Level 2.4 Dodging
 - Level 2.4 Stealth
 * Level 5.1 Spellcasting
 + Level 1.7 Conjurations
 - Level 1.1 Summonings
 - Level 1.1 Translocations


You had 4 spell levels left.
You knew the following spells:

 Your Spells              Type           Power      Damage    Failure   Level
a - Magic Dart            Conj           48%        1d5       9%          1
b - Mephitic Cloud        Conj/Pois/Air  7%         N/A       36%         3
c - Call Imp              Summ           9%         N/A       16%         2
d - Blink                 Tloc           18%        N/A       16%         2

Your spell library contained the following spells:

 Spells                   Type           Power      Damage    Failure   Level
 Apportation              Tloc           18%        N/A       11%         1
 Summon Small Mammal      Summ           36%        N/A       11%         1
 Necrotise                Necr           20%        1d5       17%         1
 Slow                     Hex            20%        N/A       17%         1
 Cigotuvi's Dreadful Rot  Necr/Pois/Air  10%        N/A       26%         2


Dungeon Overview and Level Annotations

Branches:
Dungeon (1/15)

Altars:


Message History

Nothing appears to happen.
A frilled lizard comes into view.
Casting: Magic Dart (safe; 9% risk of failure)
Confirm with . or Enter, or press ? or * to list all spells.
Aiming: Magic Dart (safe; 9% risk of failure)
Press: ? - help, Shift-Dir - straight line, f/p - gnoll
Aim: a gnoll, wielding a +3 spear (lightly wounded, 100% to hit)
The magic dart hits the gnoll.
The gnoll is moderately wounded.
Casting: Magic Dart (safe; 9% risk of failure)
Confirm with . or Enter, or press ? or * to list all spells.
Aiming: Magic Dart (safe; 9% risk of failure)
Press: ? - help, Shift-Dir - straight line, f/p - gnoll
Aim: a gnoll, wielding a +3 spear (moderately wounded, 100% to hit)
You miscast Magic Dart.
Nothing appears to happen.
Casting: Magic Dart (safe; 9% risk of failure)
Confirm with . or Enter, or press ? or * to list all spells.
Aiming: Magic Dart (safe; 9% risk of failure)
Press: ? - help, Shift-Dir - straight line, f/p - gnoll
Aim: a gnoll, wielding a +3 spear (moderately wounded, 100% to hit)
The magic dart hits the gnoll.
The gnoll is heavily wounded.
The gnoll hits you from afar with a +3 spear.
Casting: Magic Dart (safe; 9% risk of failure)
Confirm with . or Enter, or press ? or * to list all spells.
Aiming: Magic Dart (safe; 9% risk of failure)
Press: ? - help, Shift-Dir - straight line, f/p - gnoll
Aim: a gnoll, wielding a +3 spear (heavily wounded, 100% to hit)
The magic dart hits the gnoll.
The gnoll is almost dead.
The gnoll hits you from afar with a +3 spear!
Casting: Magic Dart (safe; 9% risk of failure)
Confirm with . or Enter, or press ? or * to list all spells.
Aiming: Magic Dart (safe; 9% risk of failure)
Press: ? - help, Shift-Dir - straight line, f/p - gnoll
Aim: a gnoll, wielding a +3 spear (almost dead, 100% to hit)
The magic dart hits the gnoll.
The gnoll is almost dead.
The gnoll hits you from afar with a +3 spear!
You die...

#....##.#####.#####.#
####.##......#......#
#.######.#.#####.#
#.# ##†#.# #.# #.#
#.#..#####.# #.#
##.........# #.#
#..######.#
####.######..# #.....
#...@........# #.####
#...l$.......# #
#...g........)
#.....#####.#.
#.....# #.#.. .
##$.### # #.. #. #.#
.. ..


You could see a gnoll and a frilled lizard.

Vanquished Creatures
  4 dart slugs (D:1)
  2 bats (D:1)
  2 endoplasms (D:1)
  3 giant cockroaches (D:1)
  A goblin (D:1)
  3 hobgoblins (D:1)
  3 kobolds (D:1)
  A ball python (D:1)
  3 rats (D:1)
22 creatures vanquished.

Notes
Turn   | Place    | Note
-------+----------+-------------------------------------------
     0 | D:1      | pokeman the Deep Elf Hedge Wizard began the quest for the
                  | Orb.
     0 | D:1      | Reached XP level 1. HP: 10/10 MP: 7/7
   183 | D:1      | Reached XP level 2. HP: 16/16 MP: 1/9
   748 | D:1      | Reached skill level 5 in Spellcasting
   838 | D:1      | Reached XP level 3. HP: 20/20 MP: 8/11
   842 | D:1      | Learned a level 3 spell: Mephitic Cloud
   845 | D:1      | Learned a level 2 spell: Call Imp
   848 | D:1      | Learned a level 2 spell: Blink
   934 | D:1      | Found a faded altar of an unknown god.
  1001 | D:1      | Slain by a gnoll

Illustrated notes

Levels and vault maps discovered:
D:1:      minmay_arrival_semitransparent, layout_loops_ring,
          hellmonk_ecumenical_altar_inner_sanctum

Skill      XL: |  1  2 |
---------------+-------+-----
Spellcasting   | 5 |  5.1
Fighting       | |  0.7
Armour         | |  0.8
Dodging        | |  2.4
Stealth        | |  2.4
Conjurations   | |  1.7
Summonings     | |  1.1
Translocations | |  1.1

Action                   || total
-------------------------++-------
Melee: Dagger            ||    14
 Cast: Magic Dart        ||    62
Armor: Leather armour    ||    11
Dodge: Dodged            ||     7

Table legend: (Time is in decaauts)
 A = Elapsed time spent in this place.
 B = Non-inter-level travel time spent in this place.
 C = Inter-level travel time spent in this place.
 D = Time resting spent in this place.
 E = Time spent auto-exploring this place.
 F = Levels seen in this place.
 G = Mean time per level.
                   A        B        C        D        E       F      G
               +--------+--------+--------+--------+--------+-----+--------+
         Total |   1000 |   1000 |      0 |      0 |    845 |   1 | 1000.0 |
       Dungeon |   1000 |   1000 |      0 |      0 |    845 |   1 | 1000.0 |
               +--------+--------+--------+--------+--------+-----+--------+

Top non-repeatable levels by time:
     D:1: 1000 daAuts
